 Dungeon Crawl Stone Soup version 0.24-a0-784-g601f8f6d22 (webtiles) character file.

Game seed: 16800908397082757642, levelgen mode: deterministic

105 Arixos the Sneak (level 4, -3/25 HPs)
             Began as a Vampire Enchanter on Oct 8, 2019.
             Slain by a centaur (7 damage)
             ... on level 2 of the Dungeon.
             The game lasted 00:07:56 (2519 turns).

Arixos the Sneak (Vampire Enchanter)                Turns: 2519, Time: 00:07:56

Health: -3/25      AC:  5    Str:  7    XL:     4   Next: 53%
Magic:  1/7        EV: 13    Int: 17    God:
Gold:   145        SH:  0    Dex: 15    Spells: 1/7 levels left

rFire    . . .     SeeInvis +   p - +3 dagger
rCold    + + .     Gourm    .   (no shield)
rNeg     + + +     Faith    .   b - +0 robe
rPois    ∞         Spirit   .   (no helmet)
rElec    .         Reflect  .   n - +0 cloak
rCorr    .         Harm     .   (no gloves)
MR       .....                  m - +0 pair of boots
Stlth    +++++.....             (no amulet)
HPRegen  0.00/turn              h - +1 ring of protection
MPRegen  0.10/turn              (no ring)

@: very slightly contaminated, bloodless, regenerating quickly
A: no food, fangs 3, see invisible, unbreathing
a: Bat Form, Revivify


You were on level 2 of the Dungeon.
You were bloodless.

You visited 1 branch of the dungeon, and saw 2 of its levels.

You collected 145 gold pieces.

Inventory:

Hand Weapons
 i - a +2 quarterstaff of chaos
 p - a +3 dagger (weapon)
Armour
 b - a +0 robe (worn)
 m - a +0 pair of boots (worn)
 n - a +0 cloak (worn)
Jewellery
 h - a +1 ring of protection (left hand)
Wands
 a - a wand of polymorph (3)
Scrolls
 d - 5 scrolls of identify {unknown}
 e - a scroll of noise {unknown}
 f - a scroll of amnesia {unknown}
 g - a scroll of fog {unknown}
 k - a scroll of remove curse {unknown}
Potions
 c - a potion of magic {unknown}
 j - a potion of curing {unknown}
 l - a potion of berserk rage {unknown}
 o - a potion of heal wounds {unknown}


   Skills:
 + Level 1.1 Fighting
 + Level 2.0 Short Blades
 + Level 2.9 Dodging
 + Level 5.2 Stealth
 + Level 2.4 Spellcasting
 + Level 5.1 Hexes
 + Level 1.1 Ice Magic


You had one spell level left.
You knew the following spells:

 Your Spells              Type           Power        Failure   Level  Hunger
a - Ensorcelled Hibernat  Hex/Ice        ##....       8%          2    N/A
b - Corona                Hex            ###....      2%          1    N/A
c - Confuse               Hex            ###.....     7%          3    N/A

Your spell library contained the following spells:

 Spells                   Type           Power        Failure   Level  Hunger
 Tukima's Dance           Hex            ###.....     7%          3    N/A
 Dazzling Spray           Conj/Hex       ##....       19%         3    N/A

Dungeon Overview and Level Annotations

Branches:
Dungeon (2/15)

Altars:
Hepliaklqana
Vehumet


Innate Abilities, Weirdness & Mutations

You do not eat.
You do not regenerate when monsters are visible.
You are frail without blood (-20% HP).
You are immune to poison.
You have razor-sharp teeth.
You have supernaturally acute eyesight. (SInv)
You can survive without breathing.


Message History

The centaur hits you.
Casting: Ensorcelled Hibernation (safe; 8% risk of failure)
Confirm with . or Enter, or press ? or * to list all spells.
Aiming: Ensorcelled Hibernation (safe; 8% risk of failure)
Press: ? - help, Shift-Dir - straight line, f/p - centaur
Aim: a centaur (severely wounded, chance to defeat MR: 43%)
The centaur resists with some effort.
The centaur hits you but does no damage.
The centaur hits you!
You hit the centaur.
The centaur is severely wounded.
The centaur hits you.
You completely miss the centaur.
The centaur is severely wounded.
The centaur hits you.
* * * LOW HITPOINT WARNING * * *
You hit the centaur but do no damage.
The centaur is severely wounded.
The centaur hits you!
You die...

# #.# # #.#### ### # #.#..
..# # #)#.# #.#
##.#.#########.#
#..†#.......##.#
#.##.###.##.##(#######
#.#......##.##.c.....#
#.#..######.##@#...#.#
###.#.)#####.......#....
..................###...
###....####...##.()#...#
########
..............##.#...#.#
#.......
###...#...#.........%#.#
#.#####.
#<.###.###..##.....#.###.#
#.
.....#...#..###...........#
#. ###....._....#
#.......##### #.


You could see a centaur.

Vanquished Creatures
  Crazy Yiuf (D:2)
  Robin (D:2)
  An adder (D:2)
  A dart slug (D:1)
  3 bats
  2 giant cockroaches (D:1)
  11 goblins
  9 hobgoblins
  7 kobolds
  A quokka (D:2)
  10 frilled lizards
  8 rats
55 creatures vanquished.

Notes
Turn   | Place    | Note
-------+----------+-------------------------------------------
     0 | D:1      | Arixos the Vampire Enchanter began the quest for the Orb.
     0 | D:1      | Reached XP level 1. HP: 13/13 MP: 3/3
   480 | D:1      | Reached XP level 2. HP: 15/15 MP: 5/5
   484 | D:1      | Learned a level 2 spell: Ensorcelled Hibernation
  1501 | D:2      | Reached XP level 3. HP: 20/20 MP: 6/6
  1571 | D:2      | Learned a level 3 spell: Confuse
  1974 | D:2      | Found a runed translucent door.
  1975 | D:2      | Noticed Crazy Yiuf
  2000 | D:2      | Killed Crazy Yiuf
  2000 | D:2      | Reached skill level 5 in Stealth
  2099 | D:2      | Found a radiant altar of Vehumet.
  2136 | D:2      | Reached XP level 4. HP: 24/24 MP: 7/7
  2141 | D:2      | Noticed Robin
  2148 | D:2      | Reached skill level 1 in Fighting
  2154 | D:2      | Reached skill level 1 in Ice Magic
  2155 | D:2      | Reached skill level 5 in Hexes
  2171 | D:2      | Killed Robin
  2420 | D:2      | Found a hazy altar of Hepliaklqana.
  2501 | D:2      | Noticed a centaur
  2519 | D:2      | Slain by a centaur

Levels and vault maps discovered:
D:1:      dpeg_arrival_leaves_temple_mockup, layout_rooms
D:2:      layout_loops_ring, vehumet_crystals, old_standard_altar,
          minmay_lizard_pond, uniq_robin, uniq_crazy_yiuf_cottage

Skill      XL: |  1  2  3  4 |
---------------+-------------+-----
Stealth        | 5 |  5.2
Fighting       | 1 |  1.1
Ice Magic      | 1 |  1.1
Hexes          | 5 |  5.1
Short Blades   | 2 |  2.0
Dodging        | |  2.9
Spellcasting   | |  2.4

Action                   |  1- 3 |  4- 6 || total
-------------------------+-------+-------++-------
Melee: Dagger            |    77 |    44 ||   121
       Bite              |     1 |     6 ||     7
 Cast: Corona            |     4 |       ||     4
       Ensorcelled Hiber |    17 |     6 ||    23
       Confuse           |       |     1 ||     1
 Abil: Exsanguinate      |     1 |       ||     1
 Stab: Sleeping          |    28 |     4 ||    32
Armor: Robe              |    28 |     8 ||    36
Dodge: Dodged            |    43 |    24 ||    67

Table legend:
 A = Non-vault XP
 B = Vault XP
 C = Vault XP percentage of total XP
 D = Non-vault monster count
 E = Vault monster count
 F = Vault count percentage of total count
                 A         B        C        D         E       F
            +---------+---------+-------+---------+---------+-------
      Total |      70 |      80 |  53.3 |      37 |      18 |  32.7
            +---------+---------+-------+---------+---------+-------
        D:1 |      35 |       0 |   0.0 |      22 |       0 |   0.0
        D:2 |      35 |      80 |  69.6 |      15 |      18 |  54.5
            +---------+---------+-------+---------+---------+-------
